Map: Echo LE (Void)

Players

ShoWTimE

  • Race: Protoss Protoss
  • Spawn Location: 11:00

SpeCial - Winner!

  • Race: Terran Terran
  • League: Grandmaster
  • Spawn Location: 5:00

Event: NationWars IV

VOD

Have the link to the VOD?

Description

Time

  • Played on: Jan. 7, 2017, 4:48 p.m.
  • Length: 19:57

All games in this series

Show
View Real Time Build Order
Export as new Build Order

ShoWTimE Protoss 

Build Orders: 1 Gate Expand, Blink Stalkers, Colossus Rush 

Get SALT Encoding   

  12  0:01  Probe (Chrono Boost)  
  13  0:11  Probe (Chrono Boost)  
  14  0:17  Pylon  
  14  0:22  Probe (Chrono Boost)  
  15  0:35  Probe (Chrono Boost)  
  16  0:37  Gateway  
  16  0:44  Assimilator  
  16  0:47  Probe (Chrono Boost)  
  17  0:57  Probe (Chrono Boost)  
  18  1:08  Probe (Chrono Boost)  
  19  1:21  Nexus  
  19  1:24  Probe (Chrono Boost)  
  20  1:33  Cybernetics Core  
  20  1:36  Probe (Chrono Boost)  
  21  1:43  Assimilator  
  22  1:47  Probe (Chrono Boost)  
  22  1:55  Pylon  
  22  1:57  Probe (Chrono Boost)  
  23  2:13  Adept, Mothership Core (Chrono Boost)  
  27  2:21  Warp Gate  
  27  2:31  Probe (Chrono Boost)  
  27  2:35  Probe (Chrono Boost)  
  29  2:42  Probe (Chrono Boost)  
  30  2:44  Adept  
  30  2:47  Probe (Chrono Boost)  
  30  2:48  Robotics Facility  
  33  2:53  Probe (Chrono Boost)  
  33  2:58  Probe (Chrono Boost)  
  35  3:03  Probe (Chrono Boost)  
  36  3:08  Probe (Chrono Boost), Twilight Council  
  37  3:15  Probe (Chrono Boost)  
  37  3:19  Probe (Chrono Boost)  
  39  3:25  Probe (Chrono Boost)  
  40  3:28  Gateway  
  40  3:30  Probe (Chrono Boost), Gateway  
  40  3:31  Blink  
  41  3:34  Pylon  
  41  3:36  Probe (Chrono Boost)  
  41  3:38  Observer  
  43  3:42  Assimilator  
  43  3:44  Probe (Chrono Boost)  
  44  3:50  Probe (Chrono Boost)  
  44  3:54  Assimilator  
  46  3:56  Probe (Chrono Boost), Observer  
  48  4:03  Probe (Chrono Boost)  
  48  4:08  Pylon  
  48  4:09  Probe (Chrono Boost)  
  49  4:15  Probe (Chrono Boost)  
  50  4:21  Probe (Chrono Boost)  
  51  4:25  Stalker  
  51  4:27  Probe (Chrono Boost)  
  51  4:29  Stalker x2  
  57  4:33  Probe (Chrono Boost)  
  57  4:35  Observer  
  58  4:39  Probe (Chrono Boost), Pylon  
  58  4:45  Probe (Chrono Boost)  
  59  4:47  Robotics Bay  
  59  4:49  Pylon  
  59  4:51  Probe (Chrono Boost), Stalker  
  62  4:58  Observer  
  62  4:59  Probe (Chrono Boost)  
  63  5:03  Probe (Chrono Boost)  
  64  5:09  Gateway x2  
  64  5:10  Gateway  
  64  5:14  Warp Prism  
  66  5:24  Stalker x2  
  66  5:27  Adept  
  72  5:31  Extended Thermal Lance  
  72  5:40  Pylon  
  72  5:42  Colossus  
  72  5:54  Nexus  
  78  5:57  Pylon  
  78  6:03  Sentry  
  80  6:04  Sentry  
  80  6:05  Zealot  
  84  6:12  Pylon  
  84  6:14  Pylon  
  84  6:16  Probe (Chrono Boost)  
  84  6:17  Probe (Chrono Boost)  
  86  6:18  Zealot x2  
  86  6:21  Pylon  
  90  6:36  Adept x3, Resonating Glaives  
  94  6:40  Colossus  
  94  6:45  Probe (Chrono Boost)  
  94  6:46  Probe (Chrono Boost)  
  102  6:49  Pylon  
  102  7:02  Stalker x2  
  102  7:03  Adept x2  
  102  7:05  Pylon  
  110  7:09  Adept  
  110  7:10  Adept  
  113  7:23  Adept  
  113  7:24  Adept  
  113  7:26  Pylon  
  113  7:29  Adept x2  
  121  7:30  Adept x2  
  125  7:48  Stalker x2  
  110  7:54  Adept x2  
  110  7:55  Adept x2  
  115  8:16  Adept x2  
  115  8:17  Adept x4  
  129  8:20  Probe (Chrono Boost)  
  129  8:21  Probe x2 (Chrono Boost)  
  129  8:33  Colossus  
  129  8:41  Probe x3 (Chrono Boost)  
  137  8:46  Assimilator  
  137  8:48  Pylon  
  137  8:49  Assimilator  
  137  8:57  Forge  
  137  8:59  Forge  
  137  9:01  Sentry  
  139  9:04  Pylon  
  139  9:10  Pylon  
  139  9:13  Adept  
  139  9:14  Adept x2  
  145  9:25  Protoss Ground Armor Level 1  
  145  9:26  Pylon  
  145  9:27  Nexus, Protoss Ground Weapons Level 1  
  145  9:30  Disruptor  
  145  9:38  Photon Cannon  
  146  9:54  Adept x2  
  146  9:55  Adept x3  
  156  10:06  Disruptor  
  159  10:08  Pylon  
  159  10:24  Stalker  
  159  10:25  Stalker x4  
  159  10:32  Pylon  
  159  10:34  Nexus  
  155  10:41  Disruptor, Pylon  
  152  10:46  Pylon  
  152  10:48  Dark Shrine  
  152  10:58  Stalker x4  
  160  11:14  Pylon  
  160  11:17  Warp Prism  
  162  11:20  Templar Archives, Pylon  
  162  11:21  Probe (Chrono Boost)  
  162  11:22  Probe (Chrono Boost)  
  162  11:23  Probe (Chrono Boost)  
  165  11:27  Stalker  
  167  11:34  Probe (Chrono Boost)  
  167  11:35  Probe (Chrono Boost), Stalker x2  
  173  11:42  Stalker x2  
  175  11:50  Stalker  
  176  12:01  Adept x3  
  146  12:18  Dark Templar x3  
  148  12:39  Stalker x3  
  154  12:44  Pylon  
  154  12:52  Colossus  
  154  12:53  Protoss Ground Weapons Level 2  
  158  13:02  Protoss Ground Armor Level 2  
  151  13:28  Stalker  
  151  13:29  Stalker x2  
  157  13:37  High Templar x3  
  162  13:42  Archon x2  
  162  13:48  Colossus  
  162  13:51  Gateway  
  162  13:53  Gateway  
  162  13:55  Psionic Storm  
  168  14:01  High Templar x2  
  168  14:02  High Templar  
  174  14:07  Nexus  
  174  14:11  Pylon  
  174  14:19  Stalker x3  
  170  14:42  Disruptor  
  170  14:43  Adept x5  
  175  15:12  Nexus  
  175  15:19  Pylon  
  175  15:20  Stalker x4  
  175  15:21  Stalker x4  
  185  15:29  Protoss Ground Weapons Level 3  
  165  15:51  Disruptor  
  139  16:19  Stalker  
  139  16:23  Adept x2  
  139  16:24  Zealot x4  
  147  16:26  Disruptor  
  117  16:42  Stalker x2  
  109  16:57  Stalker x2  
  109  16:58  Zealot x2  
  109  16:59  Zealot  
  117  17:16  Zealot  
  116  17:28  Stargate  
  116  17:49  Nexus  
  116  18:09  High Templar  
  116  18:10  High Templar  
  120  18:20  Phoenix  
  120  18:21  Pylon  
  120  18:47  Adept  
  114  19:11  Probe x2 (Chrono Boost)  
  114  19:13  Probe x2 (Chrono Boost)  
  101  19:37  Pylon  
Show
View Real Time Build Order
Export as new Build Order

SpeCial Terran - Winner!

Build Orders: Reaper Expand, MMM Bio 

Get SALT Encoding   

  12  0:00  SCV  
  13  0:13  SCV  
  14  0:18  Supply Depot  
  14  0:25  SCV  
  15  0:28  Refinery  
  15  0:39  SCV  
  16  0:44  Barracks  
  16  0:51  SCV  
  17  1:03  SCV  
  18  1:15  SCV  
  19  1:31  Orbital Command, Reaper  
  20  1:42  Command Center  
  20  1:53  Factory  
  20  1:57  SCV  
  21  2:04  Refinery  
  21  2:08  Barracks Reactor  
  21  2:09  SCV  
  21  2:15  Supply Depot  
  22  2:21  SCV  
  23  2:36  SCV  
  24  2:38  Starport  
  24  2:44  Marine x2  
  24  2:45  Widow Mine  
  24  2:48  SCV  
  29  2:56  Orbital Command  
  29  3:02  Marine x2  
  29  3:04  SCV  
  32  3:14  Medivac  
  32  3:15  Widow Mine  
  32  3:19  Marine  
  37  3:20  Marine, SCV  
  37  3:23  SCV  
  37  3:26  Supply Depot  
  40  3:33  SCV  
  41  3:36  SCV  
  41  3:37  Marine x2  
  44  3:47  Starport Tech Lab, Factory Tech Lab  
  44  3:50  SCV x2  
  44  3:55  Marine x2, Supply Depot  
  47  4:03  Barracks  
  47  4:06  SCV x2  
  47  4:08  Raven  
  51  4:13  Marine x2  
  53  4:17  Siege Tank  
  53  4:18  Supply Depot  
  56  4:26  SCV x2  
  57  4:37  Marine x2  
  57  4:39  SCV x2  
  57  4:44  Supply Depot  
  59  4:45  Refinery  
  59  4:46  Refinery, Engineering Bay  
  59  4:51  SCV x2, Siege Tank  
  64  4:59  Barracks  
  64  5:01  Stimpack  
  64  5:03  SCV x2  
  66  5:08  Marine x3  
  66  5:13  Terran Infantry Weapons Level 1  
  69  5:16  SCV x2  
  69  5:18  Starport Reactor  
  71  5:24  Supply Depot  
  71  5:28  Marine x2  
  71  5:31  Marauder  
  71  5:34  SCV x2  
  77  5:37  Factory Reactor  
  77  5:39  Supply Depot  
  77  5:46  Marine x2, SCV  
  77  5:49  SCV  
  79  5:53  Marauder, Supply Depot  
  79  5:56  Marauder  
  83  5:58  Combat Shields, SCV  
  83  6:03  Medivac  
  86  6:05  Medivac  
  86  6:11  Missile Turret, Supply Depot  
  88  6:12  Marine  
  88  6:13  Marine  
  88  6:16  Marauder  
  94  6:18  Marauder  
  94  6:21  Widow Mine x2  
  96  6:34  SCV  
  96  6:35  Marine x2  
  97  6:44  Medivac x2  
  101  6:48  Marine  
  101  6:49  Marine  
  101  6:51  Widow Mine x2  
  101  6:53  Marine x2  
  109  6:58  Supply Depot  
  109  7:02  Command Center  
  109  7:07  Marine  
  110  7:11  Marine x3  
  105  7:19  Viking x2  
  105  7:20  Widow Mine x2  
  113  7:28  Marauder  
  113  7:29  Marauder, Marine  
  118  7:43  Marine  
  118  7:44  SCV  
  118  7:45  SCV  
  115  7:51  Marine  
  115  7:52  Marauder x2  
  117  7:59  Viking  
  117  8:01  Marine  
  117  8:03  Viking  
  117  8:04  Barracks  
  117  8:05  Barracks  
  112  8:10  SCV x2  
  110  8:14  Marine  
  110  8:15  Marauder, Marine  
  114  8:25  Starport  
  113  8:29  Orbital Command, Viking  
  113  8:31  SCV x2  
  113  8:33  Marauder  
  119  8:38  Viking  
  121  8:43  SCV x2  
  121  8:45  Supply Depot  
  121  8:46  Marauder  
  125  8:55  Barracks Tech Lab, Barracks Reactor  
  123  8:56  SCV  
  123  8:57  SCV x2  
  123  8:59  Viking  
  123  9:01  Viking x2  
  132  9:08  Supply Depot  
  132  9:09  SCV x3  
  135  9:11  Terran Infantry Armor Level 1  
  135  9:14  Liberator x2  
  135  9:16  Liberator  
  135  9:17  Armory  
  135  9:21  Engineering Bay  
  135  9:25  Concussive Shells  
  135  9:26  Refinery  
  135  9:27  Refinery  
  141  9:37  SCV x2, Liberator  
  146  9:40  SCV  
  146  9:43  Supply Depot  
  146  9:44  Supply Depot  
  147  9:54  Marine  
  147  9:55  Marine  
  147  9:59  Marauder  
  148  10:00  Marauder  
  148  10:05  Marauder, Marine x2, Supply Depot x2  
  153  10:09  Liberator  
  153  10:12  SCV x2  
  154  10:19  Marine x2  
  154  10:20  Marauder  
  156  10:26  Liberator x2  
  156  10:27  Marauder  
  161  10:28  Liberator  
  160  10:37  Marine  
  160  10:38  Marauder  
  160  10:41  SCV x3  
  173  10:53  SCV  
  171  11:06  Terran Infantry Weapons Level 2  
  171  11:07  Terran Infantry Armor Level 2  
  171  11:09  Command Center, SCV x2  
  173  11:26  Supply Depot  
  173  11:28  Supply Depot  
  173  11:31  Liberator  
  173  11:32  Liberator  
  173  11:39  Supply Depot  
  173  11:40  Supply Depot  
  173  11:43  Missile Turret  
  173  11:48  Marauder x2, Marine  
  173  11:49  Marine x4, SCV  
  189  11:57  Liberator  
  189  11:58  Liberator  
  176  12:06  Marauder  
  176  12:07  Marine x2  
  180  12:10  Marauder  
  180  12:14  Liberator  
  178  12:19  Marauder, Marine x2  
  182  12:25  Marine  
  182  12:27  Marine  
  182  12:28  Marauder  
  186  12:31  Marine  
  186  12:32  Medivac  
  192  12:37  Marine  
  192  12:41  Marauder, Marine  
  192  12:42  Marine  
  197  12:48  Missile Turret  
  197  12:57  Medivac  
  199  12:59  Planetary Fortress  
  199  13:04  Marine  
  193  13:25  Medivac x3  
  198  13:28  SCV x2  
  198  13:33  Terran Infantry Weapons Level 3, Sensor Tower  
  200  13:36  Barracks  
  200  13:38  Barracks x2  
  198  13:46  Starport  
  198  13:47  Terran Ship Weapons Level 1  
  198  13:48  Fusion Core  
  196  13:51  Refinery  
  196  13:52  Refinery  
  196  13:53  Ghost Academy  
  196  13:56  Marauder, Missile Turret, Marine x2  
  199  14:12  Command Center  
  199  14:15  Supply Depot  
  199  14:20  Terran Infantry Armor Level 3, Supply Depot  
  199  14:21  Liberator  
  199  14:22  Liberator x2  
  179  14:40  Starport Tech Lab  
  179  14:43  Marauder x2, Marine x2, Barracks Tech Lab x2, Barracks Reactor  
  191  15:05  Marauder, Marine x2  
  195  15:07  Marauder, Marine x3  
  195  15:17  Marine  
  195  15:18  Marauder  
  188  15:22  Advanced Ballistics  
  188  15:23  Marine  
  188  15:26  SCV x3  
  187  15:33  Liberator x5  
  184  15:37  Marauder, Marine x2  
  170  15:58  Marine  
  170  15:59  Marauder  
  153  16:06  Marauder, Marine x2  
  155  16:14  Marine  
  155  16:15  Marauder  
  155  16:16  Liberator x2  
  146  16:28  Marine  
  146  16:29  Marauder  
  146  16:31  Liberator  
  139  16:38  Marauder, Marine x3  
  126  16:40  Liberator  
  126  16:41  Marine  
  120  16:51  Marine  
  124  16:59  Marine  
  126  17:05  Marine  
  126  17:06  Marauder  
  128  17:15  Marauder, Marine x2  
  130  17:23  Liberator  
  130  17:28  Liberator  
  130  17:40  Orbital Command  
  136  17:59  Marine x2  
  136  18:08  Marine x2  
  136  18:10  Marine  
  139  18:19  Marine  
  137  18:20  Marine  
  137  18:23  SCV x2, Sensor Tower  
  137  18:25  SCV  
  141  18:31  Marine  
  141  18:32  Marauder  
  144  18:37  Marauder, Marine  
  146  18:44  Marauder, Marine  
  149  18:51  Marine  
  149  18:52  Marauder  
  149  18:53  Marauder  
  151  19:08  Marine x3  
  151  19:09  Marauder  
  148  19:10  Marauder, Marine  
  148  19:11  Marine  
  148  19:12  Marauder  
  153  19:19  SCV  
  153  19:21  Refinery  
  152  19:26  Marine  
  152  19:27  Marauder  
  152  19:29  Marine  
  152  19:30  Marauder  
  158  19:31  Marine x2  
Tags
 
Add a new tag
Caveats
  • Supply blocks, unpowered buildings, or Contaminate may cause inaccurate times.
  • Supply counts are checked every 10 seconds.